 Dungeon Crawl Stone Soup version 0.30.0-5-g1a98f26d00 (webtiles) character file.

Game seed: 10077514065138010155

388 Kranky the Shield-Bearer (level 6, -2/62 HPs)
             Began as a Troll Fighter on May 12, 2023.
             Slain by a bullfrog (3 damage)
             ... in a sewer.
             The game lasted 00:06:21 (1945 turns).

Kranky the Shield-Bearer (Troll Fighter)            Turns: 1945, Time: 00:06:21

Health: -2/62      AC:  4    Str: 25    XL:     6   Next: 49%
Magic:  5/5        EV:  9    Int:  6    God:
Gold:   126        SH:  8    Dex:  9    Spells: 5/5 levels left

rFire   . .          .
                       - Unarmed
rCold   . . .        b - +0 kite shield
rNeg    . . .        a - +0 robe
rPois   .            (helmet restricted)
rElec   .            m - scarf {repulsion}
rCorr   .            (gloves unavailable)
SInv    .            (boots unavailable)
Will    .....        (no amulet)
Stlth   +            (no ring)
HPRegen 1.10/turn    (no ring)
MPRegen 0.09/turn

%: repel missiles
@: lethally poisoned (-2 -> -2)
A: large, unfitting armour, claws 3, regeneration 1, shaggy fur 1, tough skin 1
a: no special abilities


You were in a sewer.
You visited 1 branch of the dungeon, and saw 3 of its levels.
You also visited: Sewer.

You collected 126 gold pieces.

Inventory:

Armour
 a - a +0 robe (worn)
 b - a +0 kite shield (worn)
 m - a scarf of repulsion (worn)
Jewellery
 r - a ring of magical power
Wands
 s - a wand of flame (19)
Scrolls
 d - 4 scrolls of poison {unknown}
 e - 2 scrolls of vulnerability {unknown}
 f - 2 scrolls of identify {unknown}
 h - a scroll of butterflies {unknown}
 i - a scroll of enchant weapon {unknown}
 l - 2 scrolls of acquirement {unknown}
 o - a scroll of blinking {unknown}
 p - 3 scrolls of teleportation {unknown}
 u - a scroll of fear {unknown}
 v - a scroll of enchant armour {unknown}
Potions
 c - 2 potions of might
 g - 2 potions of lignification {unknown}
 j - 6 potions of curing {unknown}
 k - 2 potions of haste {unknown}
 n - a potion of heal wounds {unknown}
 q - a potion of brilliance {unknown}
 t - a potion of resistance {unknown}


   Skills:
 + Level 4.0 Fighting
 - Level 2.4 Dodging
 + Level 4.4 Shields
 + Level 4.2 Unarmed Combat


You had 5 spell levels left.
You didn't know any spells.
Your spell library contained the following spells:

 Spells                   Type           Power      Damage    Failure   Level
 Ensorcelled Hibernation  Hex/Ice        0%         N/A       83%         2
 Passwall                 Tmut/Erth      0%         N/A       83%         2
 Swiftness                Air            0%         N/A       97%         3
 Summon Forest            Summ/Tloc      0%         N/A       100%        5
 Summon Mana Viper        Hex/Summ       0%         N/A       100%        5
 Summon Cactus Giant      Summ           0%         N/A       100%        6


Dungeon Overview and Level Annotations

Branches:
Dungeon (3/15)              Sewer (1/1)

Altars:
Ru

Shops:
D:3 (


Innate Abilities, Weirdness & Mutations

You are too large for most types of armour.
You have claws for hands.
Your natural rate of healing is unusually fast.
You are covered in fur. (AC +1)
You have tough skin. (AC +1)


Message History

The bullfrog hits you but does no damage.
The adder bites you. The ball python closely misses you.
The bullfrog closely misses you. You block the adder's attack.
The bullfrog hits you.
You claw the adder!
You kill the adder!
You feel sick. You block the ball python's attack.
You block the bullfrog's attack. The bullfrog barely misses you.
The adder bites you. The ball python closely misses you.
The adder attacks as you move away! The adder bites you.
You are more poisoned.
The adder poisons you!
You enter the shallow water.
You feel very sick. You block the bullfrog's attack. The bullfrog hits you!
You feel sick. The bullfrog barely misses you.
You are too injured to fight recklessly!
You closely miss the bullfrog.
You feel sick. The bullfrog hits you. The bullfrog hits you!
* * * LOW HITPOINT WARNING * * *
You barely miss the bullfrog.
You feel sick. You block the bullfrog's attack. The ball python bites you.
* * * LOW HITPOINT WARNING * * *
You claw the bullfrog!
The bullfrog is heavily wounded.
You feel sick. The bullfrog completely misses you.
The ball python bites you but does no damage.
The bullfrog hits you but does no damage.
The ball python attacks as you move away!
The ball python bites you but does no damage.
You feel sick. The ball python closely misses you.
The ball python bites you but does no damage.
You block the bullfrog's attack. The bullfrog attacks as you move away!
The bullfrog hits you.
* * * LOW HITPOINT WARNING * * *
The ball python attacks as you move away!
You block the ball python's attack.
You feel sick. You block the ball python's attack. The bullfrog hits you!
* * * LOW HITPOINT WARNING * * *
You feel sick. The bullfrog hits you.
You die...

#~~~~~≈# #≈~~~#~#
#~~~~≈≈# #≈≈~#~~#
#~~~~≈≈# #≈≈≈†.~#
#≈~..~## #≈≈≈~.~#
#~.[)~≈# #≈≈l#~~#
#≈~~~.≈# #≈≈~~#~#
#≈≈~~~~# #≈SSS~≈#
#≈≈≈~~~# #≈~~F~≈#
#≈~~~~~# #≈~@F~≈#
#≈~~~~≈# #≈~~~≈~#
#~~~~~~# #####~~~~~~#
#.~†~†.# #..###..~~##
#....†.###..##......#
##......##'##......##
#.......#...†.....#
##...............##
####.........####


You could see 2 bullfrogs, an adder, 2 ball pythons and a frilled lizard.

Vanquished Creatures
  Sigmund (D:2)
  An iguana (D:3)
  Robin (D:2)
  3 gnolls (D:3)
  7 adders
  2 dart slugs
  3 endoplasms
  2 giant cockroaches
  7 goblins
  11 hobgoblins
  8 jackals
  4 quokkas
  9 ball pythons
  A bat (D:1)
  3 frilled lizards
  8 kobolds
  37 rats
108 creatures vanquished.

Notes
Turn   | Place    | Note
-------+----------+-------------------------------------------
     0 | D:1      | Kranky the Troll Fighter began the quest for the Orb.
     0 | D:1      | Reached XP level 1. HP: 22/22 MP: 0/0
   188 | D:1      | Reached XP level 2. HP: 27/29 MP: 1/1
   758 | D:2      | Found a sacrificial altar of Ru.
   794 | D:2      | Reached XP level 3. HP: 36/36 MP: 2/2
   867 | D:2      | Noticed Robin
   881 | D:2      | Killed Robin
   948 | D:2      | Noticed Sigmund
   966 | D:2      | Killed Sigmund
   967 | D:2      | Reached XP level 4. HP: 8/46 MP: 3/3
   967 | D:2      | Reached XP level 5. HP: 10/53 MP: 4/4
  1349 | D:3      | Found Yjeleg Viazi's Antique Weapon Shoppe.
  1377 | D:3      | Reached XP level 6. HP: 58/62 MP: 5/5
  1478 | D:3      | Found a faded altar of an unknown god.
  1714 | D:3      | Found a glowing drain.
  1718 | Sewer    | Entered a sewer
  1944 | Sewer    | HP: 1/62 [bullfrog (7)]
  1945 | Sewer    | Slain by a bullfrog

Illustrated notes

Levels and vault maps discovered:
D:1:      saegor_arrival_simple_d, layout_basic
D:2:      layout_basic, basic_altar, corexii_shack, minivault_24,
          nicolae_kite_square_tiling_tiny,
          nicolae_concentric_dashed_squares_wild, uniq_robin, uniq_sigmund
D:3:      layout_basic, serial_shops, shop, serial_rivers,
          chequers_serial_rivers_micro_c, chequers_serial_rivers_marsh,
          chequers_serial_rivers_micro_b, chequers_serial_rivers_micro_e,
          ebering_ecumenical_altar_rust, gup_sewer_entry_spiral,
          kennysheep_flooded_box, chequers_serial_rivers_small_b,
          corexii_leaking_fountain, serial_bayou_crossing
Sewer:    sewer_minmay_w

Skill      XL: |  1  2  3  4  5  6 |
---------------+-------------------+-----
Shields        | 3 4 |  4.4
Fighting       | 3 4 |  4.0
Unarmed Combat | 3 4 |  4.2
Dodging        | |  2.4

Action                     |  1- 3 |  4- 6 || total
---------------------------+-------+-------++-------
  Melee: Unarmed           |   115 |   143 ||   258
   Stab: Sleeping          |       |     2 ||     2
 Armour: Robe              |    32 |    47 ||    79
  Dodge: Dodged            |    37 |    51 ||    88
  Block: Kite shield       |    36 |    55 ||    91
